 Dungeon Sprint DCSS version 0.22.1-2-g9c5b331383 (webtiles) character file.

5 Groucho the Scratcher (level 1, -1/13 HPs)
             Began as a Felid Transmuter on Dec 7, 2018.
             Slain by a scorpion (6 damage)
             ... in the Dungeon (Sprint IX: "|||||||||||||||||||||||||||||").
             The game lasted 00:00:31 (40 turns).

Groucho the Scratcher (Felid Transmuter)              Turns: 40, Time: 00:00:32

Health: -1/13      AC:  1    Str: 11    XL:     1   Next: 66%
Magic:  4/4        EV: 18    Int: 14    God:
Gold:   0          SH:  0    Dex: 16    Spells: 3/4 levels left
                                        Lives:  0   Deaths: 0

rFire    . . .     SeeInvis +     - Unarmed
rCold    . . .     Gourm    .   (shield unavailable)
rNeg     . . .     Faith    .   (armour unavailable)
rPois    .         Spirit   .   (helmet unavailable)
rElec    .         Reflect  .   (cloak unavailable)
rCorr    .         Harm     .   (gloves unavailable)
MR       .....     NoTele   +   (boots unavailable)
Stlth    ..........             (no amulet)
HPRegen  0.04/turn              (no ring)
MPRegen  0.09/turn              (no ring)

@: berserking, very quick
A: very small, no armour, no weapons or thrown items, stealth, claws 1, fangs 3,
see invisible, carnivore, speed 1, shaggy fur 1, slow metabolism 1, sharp paws
a: no special abilities


You were in the Dungeon.
You were not hungry.

You visited 1 branch

Inventory:

Missiles
 a - 12 arrows
Scrolls
 i - a scroll of blinking
Potions
 d - a potion of curing
 e - a potion of heal wounds
 f - a potion of haste
 g - 2 potions of magic
Comestibles
 c - a ration


   Skills:
 - Level 1.0 Fighting
 - Level 2.6 Dodging
 + Level 3.3 Stealth
 + Level 3.9 Unarmed Combat
 - Level 2.0 Spellcasting
 - Level 2.1 Transmutations


You had 3 spell levels left.
You knew the following spells:

 Your Spells              Type           Power        Failure   Level  Hunger
a - Beastly Appendage     Tmut           #.....       10%         1    ##.....

Your spell library contained the following spells:

 Spells                   Type           Power        Failure   Level  Hunger
 Sticks to Snakes         Tmut           #.......     14%         2    ###....
 Spider Form              Tmut/Pois      #.........   41%         3    ####...
 Ice Form                 Ice/Tmut       #.......     83%         4    #####..
 Blade Hands              Tmut           #.........   95%         5    ######.


Dungeon Overview and Level Annotations

Branches:
Dungeon (1/1)

Altars:


Innate Abilities, Weirdness & Mutations

You cannot wear armour.
You are incapable of wielding weapons or throwing items.
Your paws allow you to move quietly. (Stealth)
You have sharp claws.
You have razor-sharp teeth.
You have supernaturally acute eyesight. (SInv)
You are carnivorous and can eat meat at any time.
You cover ground quickly.
You are covered in fur. (AC +1)
You have a slow metabolism.
Your sharp claws are effective at attacking unaware monsters.


Message History

Your Stealth skill increases to level 3!
You scratch the hobgoblin.
The hobgoblin is almost dead.
The hobgoblin barely misses you.
You scratch the hobgoblin.
You kill the hobgoblin!
Items here: ))) †† a club x3; a frilled lizard corpse; a hobgoblin corpse You start resting.
HP restored.
You open the door.
A scorpion, an orc, a centaur and 2 crimson imps come into view.
The crimson imp shouts! x2; The orc shouts!
The centaur shouts!
A red film seems to cover your vision as you go berserk!
You feel yourself moving faster!
You feel mighty! The scorpion stings you!
Ouch! That really hurt!
The crimson imp picks up a beetle and eats it.
The crimson imp blinks!
You closely miss the scorpion. The scorpion stings you.
You die...

▓+▓
▓.▓
▓c▓
▓5▓
▓.▓
▓o▓
▓s▓
▓@▓
▓5▓
▓.▓
▓.▓
▓)▓
▓'▓
▓.▓
▓.▓
▓.▓


You could see a centaur, a scorpion, 2 crimson imps and an orc.

Vanquished Creatures
  3 hobgoblins (D)
  A frilled lizard (D)
  A rat (D)
5 creatures vanquished.

Notes
Turn   | Place    | Note
-------+----------+-------------------------------------------
     0 | D        | Groucho the Felid Transmuter began the quest for the Orb.
     0 | D        | Reached XP level 1. HP: 9/9 MP: 4/4
     8 | D        | Reached skill level 1 in Stealth
    38 | D        | Noticed a centaur
    38 | D        | Noticed a crimson imp
    38 | D        | Noticed a crimson imp
    38 | D        | Noticed a scorpion
    40 | D        | Slain by a scorpion

Skill      XL: |  1 |
---------------+----+-----
Stealth        | 3 |  3.3
Fighting       | |  1.0
Dodging        | |  2.6
Unarmed Combat | |  3.9
Spellcasting   | |  2.0
Transmutations | |  2.1

Action                   || total
-------------------------++-------
Melee: Unarmed           ||    15
  Use: Potion            ||     1
Dodge: Dodged            ||     8
